Map: Big Game Hunters (No-Unit-Limit) Full Custom

Players

richie

  • Race: Protoss Protoss
  • Spawn Location: 6:00

homtaStic - Winner!

  • Race: Zerg Zerg
  • League: Diamond
  • Spawn Location: 9:00

VOD

Have the link to the VOD?

Description

Time

  • Played on: June 28, 2019, 6:19 p.m.
  • Length: 9:50
Show
View Real Time Build Order
Export as new Build Order

richie Protoss 

Build Orders: 1 Gate Expand, Chargelot Immortal 

Get SALT Encoding   

  1  0:00  Probe x2  
    0:05  Probe x2  
    0:13  Probe x2  
    0:25  Pylon  
    0:29  Probe x2  
    0:41  Gateway, Probe x2  
    0:53  Probe x2  
    1:02  Probe x2  
    1:10  Probe x2  
    1:17  Nexus  
    1:18  Probe x2  
    1:25  Assimilator  
    1:30  Probe x2  
    1:40  Cybernetics Core  
    1:42  Probe x2  
    1:45  Warp Gate  
    1:53  Assimilator  
    1:54  Probe x2  
    2:06  Probe x2  
    2:18  Probe x2  
    2:21  Gateway x2  
    2:23  Gateway  
    2:30  Probe x4  
    2:42  Probe x2  
    2:43  Probe x2  
    2:44  Twilight Council  
    2:47  Gateway  
    2:54  Gateway, Probe x2  
    2:55  Probe x2  
    2:56  Gateway  
    3:00  Pylon  
    3:06  Probe x2  
    3:07  Probe x2  
    3:13  Charge  
    3:15  Pylon  
    3:18  Probe x2  
    3:19  Probe x2  
    3:21  Forge  
    3:23  Robotics Facility  
    3:27  Assimilator  
    3:29  Assimilator  
    3:30  Probe x2  
    3:31  Probe x2  
    3:33  Zealot x2  
    3:34  Zealot x5  
    3:36  Sentry  
    3:43  Probe x4  
    3:55  Probe x4  
    3:57  Zealot x2  
    3:58  Stalker x4, Zealot  
    3:59  Stalker x4  
    4:09  Zealot x3  
    4:10  Probe x4  
    4:14  Zealot x3  
    4:15  Zealot  
    4:21  Protoss Ground Weapons Level 1  
    4:22  Probe x4, Stalker x4  
    4:23  Stalker, Zealot x2  
    4:24  Zealot  
    4:34  Probe x4  
    4:37  Immortal x2  
    4:46  Probe x4  
    4:48  Zealot  
    4:49  Zealot x7  
    4:50  Zealot x5  
    4:51  Zealot  
    4:58  Probe x2  
    4:59  Probe x2  
    5:11  Probe x4  
    5:14  Robotics Facility  
    5:16  Immortal x2, Robotics Facility  
    5:23  Probe x4  
    5:27  Zealot x4  
    5:28  Zealot x7  
    5:29  Zealot x3  
    5:35  Probe x4  
    5:43  Photon Cannon  
    5:45  Shield Battery  
    5:47  Probe x4  
    5:48  Zealot  
    5:49  Immortal x2, Zealot x7  
    5:51  Zealot x2  
    5:52  Zealot  
    5:53  Immortal x2, Zealot x3  
    5:54  Pylon  
    5:58  Immortal x2  
    5:59  Probe x4  
    6:01  Pylon  
    6:08  Zealot x4  
    6:09  Zealot x2  
    6:11  Probe x4  
    6:18  Immortal x2, Zealot x7  
    6:19  Zealot  
    6:23  Probe x4  
    6:27  Photon Cannon  
    6:29  Immortal x2, Pylon  
    6:35  Probe x4  
    6:36  Zealot x6  
    6:41  Immortal x2, Pylon  
    6:43  Pylon  
    6:49  Zealot x6  
    6:52  Probe x2  
    6:53  Probe x2  
    6:54  Immortal x2  
    6:55  Pylon  
    6:59  Photon Cannon  
    7:00  Pylon  
    7:05  Probe x4  
    7:12  Pylon  
    7:15  Immortal x2  
    7:17  Probe x2  
    7:21  Immortal x2  
    7:23  Zealot x4  
    7:24  Zealot x4  
    7:25  Zealot  
    7:27  Zealot x2  
    7:28  Zealot x2  
    7:32  Photon Cannon  
    7:33  Immortal x2  
    7:34  Zealot  
    7:41  Assimilator  
    7:43  Photon Cannon  
    7:46  Probe x2  
    7:47  Zealot x5  
    7:48  Zealot x4  
    7:58  Probe x2  
    7:59  Nexus  
    8:06  Assimilator  
    8:08  Zealot x5  
    8:09  Zealot x6  
    8:10  Probe x2, Zealot x3  
    8:22  Probe x2  
    8:25  Zealot x5  
    8:26  Zealot x7  
    8:27  Zealot x2  
    8:35  Probe x2  
    8:36  Immortal x2  
    8:41  Zealot  
    8:42  Zealot x6  
    8:44  Photon Cannon, Zealot x2  
    8:45  Zealot x2  
    8:46  Pylon  
    8:47  Probe x2  
    8:54  Zealot x3  
    8:59  Probe x2  
    9:04  Pylon  
    9:07  Zealot  
    9:08  Zealot x4  
    9:11  Probe x2  
    9:21  Zealot  
    9:23  Probe x2  
    9:29  Zealot x2  
    9:30  Zealot x2  
    9:40  Zealot x5  
    9:41  Zealot  
Show
View Real Time Build Order
Export as new Build Order

homtaStic Zerg - Winner!

Build Orders: Hatch First 

Get SALT Encoding   

    0:04  Drone x2  
    0:12  Drone x2  
    0:16  Drone x2  
    0:20  Drone x2  
    0:29  Drone x2  
    0:40  Drone x2  
    0:49  Drone x2  
    1:04  Drone x2  
    1:06  Hatchery  
    1:18  Drone x2  
    1:21  Spawning Pool  
    1:23  Drone x2  
    1:31  Drone x2  
    1:41  Extractor  
    1:42  Hatchery  
    1:48  Drone x2  
    1:54  Drone x2  
    2:01  Extractor  
    2:07  Queen x2  
    2:09  Drone x2  
    2:10  Roach Warren  
    2:16  Drone x2  
    2:18  Queen x2  
    2:24  Zerg Missile Weapons Level 1, Zerg Ground Armor Level 1, Drone x4  
    2:32  Drone x2  
    2:38  Drone x2  
    2:43  Extractor, Drone x2  
    2:49  Lair  
    2:54  Drone x6  
    2:59  Roach x2  
    3:05  Roach x4  
    3:06  Evolution Chamber  
    3:07  Evolution Chamber  
    3:10  Zerg Missile Weapons Level 2  
    3:11  Drone x2  
    3:18  Overlord x2  
    3:19  Drone x12  
    3:20  Overlord x2  
    3:28  Spore Crawler  
    3:29  Extractor  
    3:36  Drone x2, Zerg Ground Armor Level 2  
    3:37  Drone x10  
    3:45  Roach x6  
    3:54  Overlord x2  
    3:57  Roach x8, Zerg Missile Weapons Level 3  
    3:58  Roach x4  
    4:00  Queen x2  
    4:01  Roach x2  
    4:03  Glial Reconstitution  
    4:09  Roach x2  
    4:10  Roach x6  
    4:15  Overseer x2  
    4:21  Roach x6  
    4:25  Spawning Pool  
    4:34  Roach x4  
    4:37  Drone x8  
    4:43  Drone x2  
    4:49  Drone x6  
    4:50  Hatchery, Spawning Pool  
    5:08  Roach x20  
    5:18  Roach x2  
    5:19  Roach x8  
    5:21  Overlord x2  
    5:30  Spine Crawler  
    5:33  Spine Crawler  
    5:41  Roach x8  
    5:46  Metabolic Boost  
    5:47  Drone x2  
    5:50  Queen x2  
    5:58  Hatchery  
    6:01  Roach x6, Zergling x4  
    6:19  Roach x6  
    6:20  Roach x16  
    6:29  Roach x2  
    6:30  Roach x4  
    6:36  Roach x10  
    6:43  Roach x2, Zergling x20  
    6:57  Roach x8  
    6:58  Roach x2  
    7:07  Hatchery, Zergling x4  
    7:08  Hatchery, Zergling x40  
    7:09  Hatchery  
    7:15  Roach x8  
    7:25  Zerg Melee Weapons Level 1  
    7:33  Roach x2  
    7:34  Roach x18, Zergling x16  
    7:44  Roach x10, Zergling x12  
    7:45  Zergling x4  
    7:56  Roach x10  
    7:59  Roach x2  
    8:00  Roach x2, Zergling x28  
    8:02  Drone x2  
    8:07  Roach x2  
    8:08  Roach x6  
    8:18  Roach x8  
    8:21  Drone x4  
    8:22  Drone x4  
    8:29  Roach x2  
    8:30  Roach x10, Zergling x28  
    8:31  Unknown  
    8:44  Roach x4, Zergling x4  
    8:59  Roach x12  
    9:00  Hatchery  
    9:01  Extractor  
    9:02  Extractor  
    9:06  Zergling x20  
    9:07  Zergling x48  
    9:16  Roach x12  
    9:26  Zergling x24  
    9:44  Hydralisk Den  
Tags
 
Add a new tag
Caveats
  • Supply blocks, unpowered buildings, or Contaminate may cause inaccurate times.
  • Supply counts are checked every 10 seconds.